 Dungeon Crawl Stone Soup version 0.29.1-15-g9cfb28693d (webtiles) character file.

Game seed: 12465487145874380232

180 Peloso the Covered (level 5, -2/70 HPs)
             Began as a Minotaur Fighter on Apr 22, 2023.
             Slain by an orc
             ... wielding a +0 hand axe
              (5 damage)
             ... on level 4 of the Dungeon.
             The game lasted 00:04:11 (2424 turns).

Peloso the Covered (Minotaur Fighter)               Turns: 2424, Time: 00:04:11

Health: -2/70      AC:  9    Str: 20    XL:     5   Next: 33%
Magic:  4/4        EV:  7    Int:  5    God:
Gold:   197        SH:  5    Dex: 12    Spells: 4/4 levels left

rFire   . . .      SeeInvis .   a - +0 long sword
rCold   . . .      Faith    .   d - +0 buckler
rNeg    . . .      Spirit   .   c - +0 chain mail
rPois   .          Reflect  .   (helmet restricted)
rElec   .          Harm     .   (no cloak)
rCorr   .          Rampage  .   (no gloves)
Will    .....                   (no boots)
Stlth   ..........              (no amulet)
HPRegen 0.21/turn               (no ring)
MPRegen 0.09/turn               (no ring)

@: berserking, lethally poisoned (-2 -> -15), very quick
A: horns 2, retaliatory headbutt
a: no special abilities


You were on level 4 of the Dungeon.
You visited 1 branch of the dungeon, and saw 4 of its levels.

You collected 197 gold pieces.

Inventory:

Hand Weapons
 a - a +0 long sword (weapon)
Armour
 b - a +0 scale mail
 c - a +0 chain mail (worn)
 d - a +0 buckler (worn)
Jewellery
 g - an amulet of faith
 i - a ring of see invisible
 p - a ring of magical power
Wands
 s - a wand of iceblast (10)
Scrolls
 h - a scroll of immolation
 k - a scroll of enchant armour {unknown}
 m - a scroll of noise {unknown}
 n - 4 scrolls of identify {unknown}
Potions
 e - a potion of degeneration {unknown}
 f - 2 potions of might
 j - a potion of heal wounds {unknown}
 l - a potion of attraction {unknown}
 o - a potion of curing {unknown}
 q - 2 potions of berserk rage
 r - a potion of flight {unknown}


   Skills:
 + Level 4.5 Fighting
 + Level 4.1 Long Blades
 + Level 4.8 Armour
 + Level 1.0 Dodging
 + Level 0.3 Stealth
 + Level 4.4 Shields


You had 4 spell levels left.
You didn't know any spells.
Your spell library was empty.

Dungeon Overview and Level Annotations

Branches:
Dungeon (4/15)
 Temple: D:4-7

Altars:
Sif Muna
Uskayaw


Innate Abilities, Weirdness & Mutations

You have a pair of horns on your head.
You reflexively headbutt those who attack you in melee.


Message History

Unknown command.
You barely miss the orc wizard.
The orc wizard is heavily wounded.
You feel less confused.
* * * LOW HITPOINT WARNING * * *
You feel very sick. Something hits you but does no damage.
You are lethally poisoned!
The orc wizard hits you but does no damage.
You block the orc's attack.
It was a potion of berserk rage.
A red film seems to cover your vision as you go berserk!
You feel yourself moving faster!
You feel mighty!
* * * LOW HITPOINT WARNING * * *
You feel very sick. The orc hits you but does no damage.
Something hits you but does no damage.
You are lethally poisoned!
The orc wizard gestures at you while chanting.
The puff of flame hits you.
* * * LOW HITPOINT WARNING * * *
You closely miss the orc wizard. Your headbutt misses the orc wizard.
The orc wizard is heavily wounded.
* * * LOW HITPOINT WARNING * * *
You feel very sick. The orc barely misses you. You furiously retaliate!
You headbutt the orc. Something hits you but does no damage.
The orc wizard hits you with a +0 dagger.
* * * LOW HITPOINT WARNING * * *
You hit the orc wizard. Your headbutt misses the orc wizard.
The orc wizard is severely wounded.
* * * LOW HITPOINT WARNING * * *
You feel very sick. The orc hits you but does no damage.
You block something's attack. The orc wizard barely misses you.
Unknown command.
You slash the orc wizard!
You kill the orc wizard!
* * * LOW HITPOINT WARNING * * *
You feel sick. The orc hits you with a +0 hand axe.
You die...

.... ........ ...... .......
#...... .....# #......####....#
#### #.........#....##...#
#.........#.........
#.........#.........
#.........'){).# ###
#.........#.o@.# #.....##..
#.........#....+ #.....#...
#.........##+#### #.....#...
.....>...........# #.....#...
.................# #.....#...
..#########......#####.....#...
. #................#...
+...)............'...
#................#...


You could see an orc.

Vanquished Creatures
  An iguana (D:4)
  Terence (D:2)
  Jessica (D:3)
  An orc wizard (D:4)
  3 adders (D:2)
  A worm (D:3)
  2 orcs
  9 ball pythons
  7 bats
  7 endoplasms
  3 giant cockroaches (D:1)
  5 goblins
  A hobgoblin (D:1)
  6 jackals
  5 kobolds
  3 quokkas
  3 frilled lizards
  6 rats
65 creatures vanquished.

Notes
Turn   | Place    | Note
-------+----------+-------------------------------------------
     0 | D:1      | Peloso the Minotaur Fighter began the quest for the Orb.
     0 | D:1      | Reached XP level 1. HP: 19/19 MP: 0/0
   142 | D:1      | Reached XP level 2. HP: 26/27 MP: 1/1
   389 | D:1      | Found a faded altar of an unknown god.
   520 | D:1      | You fall into a shaft and drop 1 floor!
   523 | D:2      | Found a hide-covered altar of Uskayaw.
   598 | D:2      | Reached XP level 3. HP: 32/33 MP: 2/2
   652 | D:2      | Noticed Terence
   666 | D:2      | Killed Terence
   667 | D:2      | Reached skill level 1 in Dodging
   667 | D:2      | Reached XP level 4. HP: 11/40 MP: 3/3
  1491 | D:3      | Noticed Jessica
  1497 | D:3      | Killed Jessica
  1945 | D:3      | Reached XP level 5. HP: 47/47 MP: 4/4
  2059 | D:3      | Found a shimmering blue altar of Sif Muna.
  2424 | D:4      | HP: 3/70 [poisoned by an orc wizard]
  2424 | D:4      | Slain by an orc

Illustrated notes

Levels and vault maps discovered:
D:1:      dpeg_arrival_round_b, layout_basic, hellmonk_ecumenical_altar_blasted,
          serial_glass, glass_columns_a, glass_columns_b, glass_columns_c,
          glass_columns_a, glass_columns_b, glass_columns_b, glass_columns_c,
          glass_columns_a
D:2:      minmay_angry_zag, layout_basic, basic_altar, uniq_terence
D:3:      minmay_recursive_quarters, layout_basic, led_sif_pool, uniq_jessica
D:4:      layout_gridville

Skill      XL: |  1  2  3  4 |
---------------+-------------+-----
Fighting       | 4 |  4.5
Armour         | 4 |  4.8
Shields        | 4 |  4.4
Long Blades    | 3 4 |  4.1
Dodging        | 1 |  1.0
Stealth        | |  0.3

Action                   |  1- 3 |  4- 6 || total
-------------------------+-------+-------++-------
Melee: Long sword        |    57 |    77 ||   134
       Headbutt          |     6 |    14 ||    20
  Use: Potion            |       |     1 ||     1
Armor: Scale mail        |    36 |       ||    36
       Chain mail        |    23 |    51 ||    74
Dodge: Dodged            |    46 |    26 ||    72
Block: Buckler           |    19 |    19 ||    38
